Map: Dash and Terminal LE (Void)

Players

wabbajack - Winner!

  • Race: Zerg Zerg
  • League: Grandmaster

Try

  • Race: Zerg Zerg
  • League: Grandmaster

VOD

Have the link to the VOD?

Description

Time

  • Played on: July 16, 2015, 12:12 p.m.
  • Length: 6:10
Show
View Real Time Build Order
Export as new Build Order

wabbajack Zerg - Winner!

Build Orders: Hatch First 

Get SALT Encoding   

  12  0:01  Drone  
  13  0:16  Overlord  
  13  0:20  Drone  
  14  0:23  Extractor  
  14  0:24  Drone  
  15  0:36  Drone  
  15  0:40  Drone  
  17  0:56  Hatchery  
  16  1:00  Drone  
  16  1:01  Drone  
  18  1:05  Extractor  
  17  1:18  Spawning Pool  
  16  1:23  Drone x2  
  19  1:47  Drone  
  19  1:48  Overlord  
  19  2:05  Queen  
  19  2:07  Queen  
  23  2:12  Drone  
  23  2:13  Drone x2  
  26  2:18  Metabolic Boost  
  26  2:21  Drone x2  
  28  2:33  Roach Warren  
  27  2:38  Drone  
  26  2:51  Zergling x2  
  26  2:52  Zergling x2  
  26  2:56  Overlord x2  
  28  2:59  Spine Crawler  
  25  3:21  Roach x3  
  30  3:33  Queen  
  30  3:34  Roach  
  30  3:35  Roach x2  
  36  3:50  Roach x3  
  36  3:55  Roach  
  44  4:00  Overlord  
  44  4:22  Overlord  
  44  4:27  Zergling x2  
  44  4:28  Zergling x12  
  51  4:42  Zergling x10  
  51  4:43  Zergling x2  
  57  4:49  Overlord  
  54  5:13  Zergling x18  
  51  5:30  Ravager  
  52  5:37  Drone  
  52  5:38  Drone x4  
Show
View Real Time Build Order
Export as new Build Order

Try Zerg 

Build Orders: Hatch First 

Get SALT Encoding   

  12  0:01  Drone  
  13  0:11  Drone  
  14  0:37  Hatchery  
  14  0:39  Drone  
  14  0:47  Overlord  
  14  1:07  Drone, Spawning Pool  
  14  1:10  Drone  
  15  1:18  Drone  
  16  1:28  Drone  
  16  1:31  Extractor  
  16  1:32  Drone  
  17  1:41  Overlord  
  17  1:51  Drone  
  18  1:54  Queen  
  18  1:56  Zergling x2  
  21  2:03  Queen  
  21  2:06  Zergling x2  
  21  2:07  Drone  
  25  2:14  Zergling x4  
  27  2:27  Drone x2  
  29  2:39  Roach Warren  
  29  3:05  Drone x2  
  29  3:06  Drone x5  
  34  3:45  Roach  
  34  3:47  Overlord x2  
  35  3:53  Drone  
  36  3:59  Extractor  
  35  4:05  Roach x2  
  35  4:06  Roach x4  
  47  4:23  Hatchery  
  46  4:27  Queen  
  48  4:36  Roach x2  
  52  4:38  Overlord  
  52  4:39  Overlord x2  
  50  4:47  Roach  
  54  5:00  Roach x3  
  54  5:11  Roach, Zergling x6  
  51  5:16  Roach  
  51  5:18  Zergling x2  
  31  5:35  Roach  
  27  5:37  Zergling x4  
Tags
 
Add a new tag
Caveats
  • Supply blocks, unpowered buildings, or Contaminate may cause inaccurate times.
  • Supply counts are checked every 10 seconds.